 Dungeon Crawl Stone Soup version 0.29.1-1-gd02db6906a (webtiles) character file.

Game seed: 10707118966660048690

5 firstmanx the Slasher (level 1, 0/18 HPs)
             Began as a Human Cinder Acolyte on Sept 23, 2022.
             Was a High Priest of Ignis.
             Slain by an adder (3 damage)
             ... on level 2 of the Dungeon.
             The game lasted 00:00:37 (84 turns).

firstmanx the Slasher (Human Cinder Acolyte)          Turns: 84, Time: 00:00:37

Health: 0/18       AC:  2    Str: 14    XL:     1   Next: 88%
Magic:  2/2        EV: 11    Int: 14    God:    Ignis [*****.]
Gold:   0          SH:  0    Dex:  8    Spells: 2/2 levels left

rFire   + . .      SeeInvis .   a - -1 falchion (flame)
rCold   . . .      Faith    .   (no shield)
rNeg    . . .      Spirit   .   b - +0 robe
rPois   .          Reflect  .   (no helmet)
rElec   .          Harm     .   (no cloak)
rCorr   .          Rampage  .   (no gloves)
Will    .....                   (no boots)
Stlth   +.........              (no amulet)
HPRegen 0.06/turn               (no ring)
MPRegen 0.08/turn               (no ring)

@: lethally poisoned (0 -> -5)
A: no striking features
a: Renounce Religion, Fiery Armour, Foxfire Swarm, Rising Flame


You were on level 2 of the Dungeon.
You worshipped Ignis.
Ignis was extremely pleased with you.
You visited 1 branch of the dungeon, and saw 2 of its levels.

Inventory:

Hand Weapons
 a - a -1 falchion of flaming (weapon)
Armour
 b - a +0 robe (worn)
Scrolls
 d - a scroll of enchant armour {unknown}
Potions
 c - a potion of mutation {unknown}


   Skills:
 + Level 3.0 Fighting
 + Level 3.3 Long Blades
 + Level 1.0 Spellcasting
 + Level 3.1 Fire Magic


You had 2 spell levels left.
You didn't know any spells.
Your spell library contained the following spells:

 Spells                   Type           Power      Damage    Failure   Level
 Scorch                   Fire           18%        2d6       11%         2


Dungeon Overview and Level Annotations

Branches:
Dungeon (2/15)

Altars:
Zin


Message History

You barely miss the frilled lizard. The frilled lizard barely misses you.
You completely miss the frilled lizard. The frilled lizard barely misses you.
You hit the frilled lizard. You burn the frilled lizard.
You kill the frilled lizard!
You see here a frilled lizard corpse.
Found a scroll labelled POK KESYFEGEUTATU.
Found a glowing silver altar of Zin.
An endoplasm comes into view.
You see here a scroll labelled POK KESYFEGEUTATU.
An adder comes into view.
The endoplasm quivers.
The adder hisses angrily.
You hear an angry hiss.
You see here a scroll labelled POK KESYFEGEUTATU.
d - a scroll labelled POK KESYFEGEUTATU An adder comes into view.
The adder hisses angrily.
You hit the endoplasm. You burn the endoplasm.
The endoplasm is severely wounded.
The endoplasm misses you. The adder closely misses you.
You hit the endoplasm. You burn the endoplasm.
You kill the endoplasm!
The adder bites you.
You are poisoned.
The adder poisons you!
A kobold comes into view. It is wielding a +0 whip.
You feel sick. The adder closely misses you. The adder barely misses you.
The adder bites you.
You are more poisoned.
The adder poisons you!
You miss the adder.
You feel very sick. The adder bites you but does no damage.
The adder bites you.
You completely miss the adder.
You feel sick. The adder bites you.
* * * LOW HITPOINT WARNING * * *
The adder barely misses you.
You closely miss the adder.
* * * LOW HITPOINT WARNING * * *
You feel sick. The adder closely misses you. The adder barely misses you. x2
The adder bites you.
You die...

#..##...'.............#
#†.######.............+
#..# #......[......#
#..# #####+#+## #..# #
#..# .
##.#..########...
#................
............@S.K....
............S.......
....................
####................
..........._......
...................
...................
.................


You could see 2 adders and a kobold.

Vanquished Creatures
  2 ball pythons (D:2)
  2 endoplasms (D:2)
  A frilled lizard (D:2)
5 creatures vanquished.

Notes
Turn   | Place    | Note
-------+----------+-------------------------------------------
     0 | D:1      | firstmanx the Human Cinder Acolyte began the quest for the
                  | Orb.
     0 | D:1      | Reached XP level 1. HP: 18/18 MP: 2/2
    68 | D:2      | Found a glowing silver altar of Zin.
    84 | D:2      | Slain by an adder

Illustrated notes

Levels and vault maps discovered:
D:1:      onia_arrival_handbag, layout_basic, st_stairs_1,
          minmay_misc_feat_hallway
D:2:      layout_basic, hellmonk_ecumenical_altar_inner_sanctum, basic_altar,
          chequers_garden, uniq_jessica, uniq_natasha

Action                   || total
-------------------------++-------
Melee: Falchion          ||    16
Armor: Robe              ||     2
Dodge: Dodged            ||    16
